 Dungeon Crawl Stone Soup version 0.21.1-1-g345015f (webtiles) character file.

774 vatarom the Gusty (level 7, -1/40 HPs)
             Began as a Deep Elf Air Elementalist on Mar 29, 2018.
             Was an Initiate of Vehumet.
             Slain by a worker ant (3 damage)
             ... on level 4 of the Dungeon.
             The game lasted 00:09:04 (4172 turns).

vatarom the Gusty (Deep Elf Air Elementalist)       Turns: 4172, Time: 00:09:05

Health: -1/40      AC:  2    Str: 12 (15) XL:     7   Next: 53%
Magic:  1/17       EV: 18    Int: 19 (21) God:    Vehumet [......]
Gold:   152        SH:  0    Dex: 18 (20) Spells: 6/16 levels left

rFire    + . .     SeeInvis .   e - +0 short sword (curse)
rCold    + . .     Gourm    .   (no shield)
rNeg     + . .     Faith    .   a - +0 robe
rPois    +         Spirit   .   (no helmet)
rElec    +         Reflect  .   (no cloak)
rCorr    +         Harm     .   (no gloves)
MR       .....                  (no boots)
Stlth    +++.......             (no amulet)
HPRegen  0.13/turn              n - +4 ring of strength
MPRegen  0.15/turn              l - ring of positive energy

@: mighty, agile, lethally poisoned (-1 -> -4), resistant, flying, hasted, very
quick
A: no striking features
a: Renounce Religion


You were on level 4 of the Dungeon.
You worshipped Vehumet.
Vehumet was noncommittal.
You were not hungry.

You visited 2 branches of the dungeon, and saw 6 of its levels.

You collected 152 gold pieces.

Inventory:

Hand Weapons
 e - a cursed +0 short sword (weapon)
 f - a cursed -2 dagger
Missiles
 p - 5 tomahawks of returning (quivered)
Armour
 a - a +0 robe (worn)
Jewellery
 l - a ring of positive energy (right hand)
 n - a +4 ring of strength (left hand)
Scrolls
 d - a scroll of blinking {unknown}
 h - a scroll of remove curse {unknown}
 o - a scroll of fog {unknown}
 r - 2 scrolls of identify
 t - a scroll of enchant weapon {unknown}
Potions
 k - 3 potions of haste
 q - a potion of degeneration
Books
 b - a book of Air

   Spells                             Type                      Level
   a - Shock                          Conjuration/Air              1
   b - Swiftness                      Charms/Air                   2
   c - Static Discharge               Conjuration/Air              3
   d - Airstrike                      Air                          4
   e - Lightning Bolt                 Conjuration/Air              5
Comestibles
 c - 9 rations


   Skills:
 + Level 2.3 Fighting
 - Level 2.4 Dodging
 - Level 2.4 Stealth
 + Level 5.3 Spellcasting
 * Level 5.4 Conjurations
 * Level 5.7 Air Magic


You had 6 spell levels left.
You knew the following spells:

 Your Spells              Type           Power        Failure   Level  Hunger
a - Shock                 Conj/Air       ####         1%          1    None
b - Swiftness             Chrm/Air       ###.....     5%          2    None
c - Static Discharge      Conj/Air       ####....     3%          3    ##.....
d - Airstrike             Air            ####......   11%         4    ####...


Dungeon Overview and Level Annotations

Branches:
Dungeon (5/15)             Temple (1/1) D:4

Altars:
Ashenzari
Cheibriados
Dithmenos
Elyvilon
Fedhas
Gozag
Hepliaklqana
Makhleb
Nemelex Xobeh
Ru
Sif Muna
Trog
Uskayaw
Vehumet
Xom
Yredelemnul
Zin
The Shining One

Annotations:
D:4 PipsiMox's ghost, novice MfIE


Message History

It was a potion of degeneration.
There was something very wrong with that liquid.
You feel weakened.
You feel dopey.
You feel clumsy. The worker ant misses you.
Your magical contamination has completely faded away.
It was a potion of haste.
You feel yourself speed up.
You feel sick. The worker ant bites you.
* * * LOW HITPOINT WARNING * * *
The worker ant misses you.
Okay, then.
It was a potion of might.
You feel very mighty all of a sudden. The worker ant barely misses you.
It was a potion of flight.
You feel very buoyant.
You fly up into the air.
You closely miss the worker ant.
The worker ant is almost dead.
The worker ant bites you.
You die...

.♣#.........PP......♣[. #.?....#
..#........PP♣P.....♣?♣♣ #......#
.♣'........♣P♣PP...#♣..♣♣#......#
..#.......P.♣♣P..).#♣♣.♣.#......#
..#.........P.P....#.#...#......#
..#.........P............'......#
...........#...#)#####..##......#
..........♣♣...#a# ...##..>...#
#.....###♣♣..♣.#@# .##.##......#
..P...#.♣♣♣..♣♣♣.# #. .##......#
......'.♣.♣.P.♣♣♣# # .##.......
.>P..##.♣♣P..PP♣♣♣ ♣♣#.######
P.P..##..♣.♣♣....♣ ♣.#
.P...##....♣♣PP..♣ ♣♣#
.....#######♣♣..♣♣ ###### ♣.♣♣
♣♣♣


You could see a worker ant.

Vanquished Creatures
  Duvessa (D:4)
  An ogre (D:4)
  A bullfrog (D:3)
  Dowan (D:4)
  2 scorpions (D:4)
  A jelly (D:5)
  A hound (D:4)
  A gnoll shaman (D:4)
  2 orc wizards (D:4)
  A worker ant (D:4)
  4 gnolls (D:4)
  A howler monkey skeleton (D:4)
  5 adders
  A shadow imp (D:5)
  An adder skeleton (D:4)
  4 worms
  5 dart slugs
  5 leopard geckos
  3 orcs
  8 bats
  4 giant cockroaches
  3 hobgoblins (D:1)
  6 jackals
  2 quokkas
  2 ball pythons (D:1)
  A frilled lizard (D:1)
  5 goblins
  12 kobolds
  4 rats
88 creatures vanquished.

Notes
Turn   | Place    | Note
-------+----------+-------------------------------------------
     0 | D:1      | vatarom the Deep Elf Air Elementalist began the quest for the Orb.
     0 | D:1      | Reached XP level 1. HP: 10/10 MP: 6/6
   199 | D:1      | Reached XP level 2. HP: 15/15 MP: 6/8
   337 | D:1      | Learned a level 2 spell: Swiftness
   530 | D:1      | Reached XP level 3. HP: 13/19 MP: 2/9
   727 | D:1      | Learned a level 3 spell: Static Discharge
  1521 | D:2      | Reached XP level 4. HP: 24/24 MP: 7/11
  1793 | D:2      | Learned a level 4 spell: Airstrike
  2064 | D:3      | Noticed a bullfrog
  2075 | D:3      | Killed a bullfrog
  2075 | D:3      | Reached skill level 1 in Fighting
  2075 | D:3      | Reached XP level 5. HP: 24/29 MP: 10/13
  2852 | D:4      | Noticed PipsiMox's ghost (novice MfIE)
  3001 | D:4      | Noticed Duvessa
  3001 | D:4      | Noticed Dowan
  3007 | D:5      | Entered Level 5 of the Dungeon
  3097 | D:5      | Reached XP level 6. HP: 34/34 MP: 10/14
  3111 | D:5      | Found a shadowy altar of Dithmenos.
  3444 | D:4      | Reached skill level 5 in Air Magic
  3702 | D:4      | Reached XP level 7. HP: 40/40 MP: 7/16
  3771 | D:4      | Reached skill level 5 in Spellcasting
  3807 | D:4      | Reached skill level 5 in Conjurations
  3878 | D:4      | Found a staircase to the Ecumenical Temple.
  3940 | Temple   | Entered the Ecumenical Temple
  4006 | Temple   | Became a worshipper of Vehumet
  4160 | D:4      | Killed Duvessa
  4162 | D:4      | Killed Dowan
  4169 | D:4      | HP: 1/40 [worker ant (6)]
  4172 | D:4      | Slain by a worker ant

Skill      XL: |  1  2  3  4  5  6  7 |
---------------+----------------------+-----
Conjurations   | 2 3 4 5 |  5.4
Fighting       | 1 2 |  2.3
Spellcasting   | 4 5 |  5.3
Air Magic      | 4 5 |  5.7
Dodging        | |  2.4
Stealth        | |  2.4

Action                   |  1- 3 |  4- 6 |  7- 9 || total
-------------------------+-------+-------+-------++-------
Melee: Short sword       |     6 |    22 |     1 ||    29
 Cast: Shock             |    70 |   119 |    21 ||   210
       Static Discharge  |       |     9 |     5 ||    14
       Airstrike         |       |     2 |     2 ||     4
  Use: Scroll            |     2 |     2 |       ||     4
       Potion            |     1 |     6 |     7 ||    14
 Stab: Sleeping          |     1 |       |       ||     1
  Eat: Chunk             |     2 |     1 |       ||     3
       Ration            |       |     2 |     1 ||     3
Armor: Robe              |     6 |     4 |     1 ||    11
Dodge: Dodged            |    20 |    40 |    17 ||    77
